 Dungeon Crawl Stone Soup version 0.29-a0-1033-gb6c65ffae6 (webtiles) character file.

Game seed: 4241082714367268654

3301 magipi the Spear-Bearer (level 10, -3/81 HPs)
             Began as a Gnoll Berserker on Aug 14, 2022.
             Was a Priest of Trog.
             Slain by an orc knight
             ... wielding a +0 battleaxe
              (17 damage)
             ... in a bailey.
             The game lasted 00:20:40 (7197 turns).

magipi the Spear-Bearer (Gnoll Berserker)           Turns: 7197, Time: 00:20:40

Health: -3/81      AC: 11    Str: 18    XL:     10   Next: 1%
Magic:  17/17      EV:  9    Int: 10    God:    Trog [***...]
Gold:   417        SH:  0    Dex: 11    Spells: 19/19 levels left

rFire   . . .      SeeInvis .   b - +0 scythe
rCold   . . .      Faith    .   (shield currently unavailable)
rNeg    . . .      Spirit   .   n - +0 chain mail
rPois   .          Reflect  .   (no helmet)
rElec   .          Harm     .   (no cloak)
rCorr   .          Rampage  .   (no gloves)
Will    .....                   x - +0 pair of boots
Stlth   ..........              r - amulet of the acrobat
HPRegen 0.23/turn               v - ring of flight
MPRegen 0.15/turn               (no ring)

@: mighty, on berserk cooldown, flying, slowed, very slow
A: fangs 1, strong nose, distributed training
a: Renounce Religion, Berserk, Trog's Hand


You were in a bailey.
You worshipped Trog.
Trog was most pleased with you.
You visited 1 branch of the dungeon, and saw 7 of its levels.
You also visited: Bailey.

You collected 417 gold pieces.

Inventory:

Hand Weapons
 a - a +0 trident
   (You took it off an orc on level 3 of the Dungeon)
 b - a +0 scythe (weapon)
   (You took it off Sigmund on level 2 of the Dungeon)
Missiles
 f - 16 poisoned darts (quivered)
 l - 2 javelins
 m - a throwing net
 u - 8 boomerangs
Armour
 n - a +0 chain mail (worn)
   (You found it on level 2 of the Dungeon)
 x - a +0 pair of boots (worn)
   (You found it on level 5 of the Dungeon)
Jewellery
 r - an amulet of the acrobat (around neck)
   (You found it on level 6 of the Dungeon)
 v - a ring of flight (left hand)
   (You found it on level 4 of the Dungeon)
 C - a ring of protection from cold
   (You took it off an orc on level 6 of the Dungeon)
 E - a +4 ring of evasion
   (You found it on level 7 of the Dungeon)
Wands
 y - a wand of acid (4)
   (You found it on level 5 of the Dungeon)
 F - a wand of charming (12)
   (You took it off an orc on level 7 of the Dungeon)
Scrolls
 g - 6 scrolls of teleportation
 h - 6 scrolls of magic mapping
 j - 3 scrolls of identify
 o - a scroll of amnesia {unknown}
 p - a scroll of blinking {unknown}
 w - a scroll of fear {unknown}
 z - a scroll of vulnerability {unknown}
 D - a scroll of enchant weapon {unknown}
Potions
 c - 2 potions of flight
 d - 3 potions of curing
 e - 4 potions of degeneration
 k - 4 potions of ambrosia
 q - a potion of invisibility {unknown}
 s - a potion of attraction {unknown}
 t - a potion of might
 A - 2 potions of resistance
 B - 2 potions of brilliance


   Skills:
 + Level 8.3 Fighting
 + Level 5.0 Short Blades
 + Level 5.0 Long Blades
 + Level 5.0 Axes
 + Level 5.0 Maces & Flails
 + Level 8.3 Polearms
 + Level 5.0 Staves
 + Level 5.0 Ranged Weapons
 + Level 5.0 Throwing
 + Level 6.8 Armour
 + Level 6.8 Dodging
 + Level 5.0 Stealth
 + Level 5.0 Shields
 + Level 5.0 Unarmed Combat
 + Level 5.0 Spellcasting
 + Level 4.1 Conjurations
 + Level 4.1 Hexes
 + Level 4.1 Summonings
 + Level 4.1 Necromancy
 + Level 4.1 Translocations
 + Level 4.1 Transmutations
 + Level 4.1 Fire Magic
 + Level 4.1 Ice Magic
 + Level 4.1 Air Magic
 + Level 4.1 Earth Magic
 + Level 4.1 Poison Magic
 + Level 5.5 Invocations
 + Level 5.0 Evocations


You had 19 spell levels left.
You didn't know any spells.
Your spell library contained the following spells:

 Spells                   Type           Power      Damage    Failure   Level
 Freeze                   Ice            40%        1d6       41%         1
 Slow                     Hex            40%        N/A       41%         1
 Static Discharge         Conj/Air       10%        3-5/arc   54%         2
 Confusing Touch          Hex            10%        N/A       78%         3
 Dazzling Flash           Conj/Hex       20%        N/A       78%         3
 Frozen Ramparts          Ice            20%        1d4       78%         3
 Gell's Gravitas          Tloc           10%        N/A       78%         3
 Lesser Beckoning         Tloc           10%        N/A       78%         3
 Teleport Other           Tloc           10%        N/A       78%         3
 Vampiric Draining        Necr           10%        2d6       78%         3
 Hailstorm                Conj/Ice       10%        3d5       99%         4
 Agony                    Necr           10%        N/A       100%        5
 Lightning Bolt           Conj/Air       5%         1d17      100%        5
 Silence                  Hex/Air        5%         N/A       100%        5
 Maxwell's Capacitive Co  Air            5%         ∞         100%        8


Dungeon Overview and Level Annotations

Branches:
Dungeon (7/15)             Temple (0/1) D:6          Bailey (1/1)

Altars:
Kikubaaqudgha
Okawaru
Qazlal
Sif Muna
Trog
Uskayaw
Vehumet
Zin
The Shining One

Annotations:
D:5 1 runed translucent door, MCDelver's ghost, novice DjCj


Innate Abilities, Weirdness & Mutations

You have very sharp teeth.
Your uncanny sense of smell can sniff out nearby items.
Your experience applies equally to all skills.


Message History

Unknown command.
You closely miss the orc warrior.
Unknown command.
You slash the orc warrior! You bite the orc warrior!
The orc warrior is heavily wounded.
The orc warrior hits you with a +0 hand axe.
The goblin hits you but does no damage.
Unknown command.
You puncture the orc warrior!
The orc warrior is almost dead.
Unknown command.
You barely miss the orc warrior.
The orc warrior is almost dead.
The orc warrior hits you but does no damage.
The goblin barely misses you.
Unknown command.
You barely miss the orc warrior.
The orc warrior is almost dead.
The orc warrior hits you with a +0 hand axe!!
The goblin hits you with a +0 hand axe.
Unknown command.
You hit the orc warrior.
You kill the orc warrior!
Trog accepts your kill.
Your Short Blades skill increases to level 5!
Your Long Blades skill increases to level 5!
Your Axes skill increases to level 5!
Your Maces & Flails skill increases to level 5!
Your Staves skill increases to level 5!
Your Ranged Weapons skill increases to level 5!
Your Throwing skill increases to level 5!
Your Stealth skill increases to level 5!
Your Shields skill increases to level 5!
Your Unarmed Combat skill increases to level 5!
Your Spellcasting skill increases to level 5!
Your Evocations skill increases to level 5!
You have reached level 10!
Unknown command.
Unknown command.
Unknown command.
You closely miss the goblin. You bite the goblin, but do no damage.
The goblin barely misses you.
Unknown command.
Unknown command.
You slash the goblin!
You kill the goblin!
Trog accepts your kill.
Unknown command.
Unknown command.
You barely miss the orc.
Unknown command.
You barely miss the orc.
Unknown command.
You slash the orc!
You kill the orc!
Trog accepts your kill. The gnoll hits you with a +0 hand axe.
Unknown command.
You barely miss the gnoll. Your bite misses the gnoll.
The gnoll barely misses you.
Unknown command.
You barely miss the gnoll. You bite the gnoll!
The gnoll is heavily wounded.
Unknown command.
You barely miss the gnoll. You bite the gnoll.
The gnoll is severely wounded.
The gnoll closely misses you.
Unknown command.
You slash the gnoll!
You kill the gnoll!
Trog accepts your kill.
You are no longer berserk.
You are exhausted.
You feel yourself slow down.
Unknown command.
Okay, then.
Unknown command.
Aiming: Corrosive Bolt
Press: ? - help, Shift-Dir - straight line, f - hobgoblin
Aim: a hobgoblin, wielding a +0 hand axe and wearing a +0 leather armour (74% to hit)
The bolt of acid hits the orc knight!
The acid corrodes the orc knight!
The orc knight is moderately wounded.
The bolt of acid hits the hobgoblin!!
You kill the hobgoblin!
Trog accepts your kill.
The orc knight hits you with a +0 battleaxe!!
* * * LOW HITPOINT WARNING * * *
Unknown command.
Unknown command.
Unknown command.
Unknown command.
Aiming: Corrosive Bolt
Press: ? - help, Shift-Dir - straight line, f - orc knight
Aim: an orc knight, wielding a +0 battleaxe and wearing a +0 plate armour (moderately wounded, covered in acid, 74% to hit)
The bolt of acid hits the orc knight!
The orc knight seems to be corroded for longer.
The orc knight is heavily wounded.
The orc knight completely misses you.
The orc knight hits you with a +0 battleaxe!
You die...

##.......## ##.......
#......g..#∆∆∆∆∆∆∆#........
##.........##∆∆∆∆∆##........
#.....⌠.....#######.....⌠...
##.........##.....##........
#.........#.......#........
##.......##.......##)......
#......)o).......)))......
##.....##@........##.....#
#######.....⌠.....#######
##..)).....## #.........#
##...)...## #.......#
##))[..## ♣##'''##♣
♣♣.[...[.♣


You could see an orc knight (corroded).

Vanquished Creatures
  A troll (D:7)
  Sigmund (D:2)
  Eustachio (D:4)
  A steam dragon (D:6)
  Duvessa (D:5)
  A sky beast (D:6)
  A water moccasin (D:6)
  A black bear (D:5)
  7 orc warriors
  3 ogres
  A kobold brigand (D:6)
  A bullfrog (D:5)
  A necrophage (D:4)
  A scorpion (D:4)
  Dowan (D:5)
  A howler monkey (D:6)
  4 jellies
  5 orc priests
  5 hounds
  Jessica (D:2)
  5 iguanas
  4 orc wizards
  11 gnolls
  7 adders
  A shadow imp (D:5)
  2 white imps
  2 ufetubi
  3 worms
  4 dart slugs
  33 orcs
  An endoplasm (D:2)
  4 giant cockroaches
  16 goblins
  10 hobgoblins
  3 jackals (D:3)
  8 kobolds
  4 quokkas
  6 ball pythons
  6 bats
  2 frilled lizards
  7 rats
178 creatures vanquished.

Vanquished Creatures (others)
  A human (D:4)
1 creature vanquished.

Grand Total: 179 creatures vanquished

Notes
Turn   | Place    | Note
-------+----------+-------------------------------------------
     0 | D:1      | magipi the Gnoll Berserker began the quest for the Orb.
     0 | D:1      | Reached XP level 1. HP: 23/23 MP: 1/1
   154 | D:1      | Reached XP level 2. HP: 25/29 MP: 2/2
   463 | D:1      | Found a faded altar of an unknown god.
   475 | D:2      | Noticed Jessica
   494 | D:2      | Killed Jessica
   495 | D:2      | Reached skill level 1 in Invocations
   495 | D:2      | Reached XP level 3. HP: 8/35 MP: 2/4
   770 | D:2      | Reached skill level 1 in Short Blades
   770 | D:2      | Reached skill level 1 in Long Blades
   770 | D:2      | Reached skill level 1 in Axes
   770 | D:2      | Reached skill level 1 in Maces & Flails
   770 | D:2      | Reached skill level 1 in Staves
   770 | D:2      | Reached skill level 1 in Ranged Weapons
   770 | D:2      | Reached skill level 1 in Throwing
   770 | D:2      | Reached skill level 1 in Stealth
   770 | D:2      | Reached skill level 1 in Shields
   770 | D:2      | Reached skill level 1 in Unarmed Combat
   770 | D:2      | Reached skill level 1 in Spellcasting
   770 | D:2      | Reached skill level 1 in Evocations
  1098 | D:2      | Noticed Sigmund
  1123 | D:2      | Killed Sigmund
  1124 | D:2      | Reached skill level 1 in Conjurations
  1124 | D:2      | Reached skill level 1 in Hexes
  1124 | D:2      | Reached skill level 1 in Summonings
  1124 | D:2      | Reached skill level 1 in Necromancy
  1124 | D:2      | Reached skill level 1 in Translocations
  1124 | D:2      | Reached skill level 1 in Transmutations
  1124 | D:2      | Reached skill level 1 in Fire Magic
  1124 | D:2      | Reached skill level 1 in Ice Magic
  1124 | D:2      | Reached skill level 1 in Air Magic
  1124 | D:2      | Reached skill level 1 in Earth Magic
  1124 | D:2      | Reached skill level 1 in Poison Magic
  1124 | D:2      | Reached XP level 4. HP: 37/41 MP: 4/6
  1124 | D:2      | Reached XP level 5. HP: 43/47 MP: 4/7
  1124 | D:2      | Reached XP level 6. HP: 48/53 MP: 4/8
  1293 | D:2      | Reached skill level 5 in Armour
  1293 | D:2      | Reached skill level 5 in Dodging
  1743 | D:3      | Found a glowing silver altar of Zin.
  1958 | D:3      | Found a radiant altar of Vehumet.
  2099 | D:3      | Found a bloodstained altar of Trog.
  2111 | D:3      | Reached ** piety under Trog
  2602 | D:4      | Found an ancient bone altar of Kikubaaqudgha.
  2605 | D:4      | Noticed a human
  2606 | D:4      | Killed a human
  2617 | D:4      | Found a glowing golden altar of the Shining One.
  2682 | D:4      | Reached XP level 7. HP: 52/60 MP: 10/10
  3469 | D:5      | Entered Level 5 of the Dungeon
  3469 | D:5      | Noticed Duvessa
  3469 | D:5      | Noticed Dowan
  3576 | D:5      | Killed Duvessa
  3577 | D:5      | Reached XP level 8. HP: 67/67 MP: 12/12
  3686 | D:5      | Killed Dowan
  4115 | D:5      | Noticed Eustachio
  4155 | D:4      | Killed Eustachio
  4201 | D:5      | Found a runed translucent door.
  4201 | D:5      | Noticed MCDelver's ghost (novice DjCj)
  4682 | D:6      | Reached XP level 9. HP: 65/73 MP: 14/14
  4937 | D:6      | Found a stormy altar of Qazlal.
  4938 | D:6      | Found a hide-covered altar of Uskayaw.
  4938 | D:6      | Found a shimmering blue altar of Sif Muna.
  4969 | D:6      | Found an iron altar of Okawaru.
  5406 | D:6      | Found a staircase to the Ecumenical Temple.
  6159 | D:7      | Noticed a troll
  6168 | D:7      | Killed a troll
  6169 | D:7      | Reached skill level 5 in Invocations
  6399 | D:7      | Reached *** piety under Trog
  6411 | D:7      | Found a flagged portal.
  6421 | Bailey   | Entered a bailey
  7156 | Bailey   | Noticed an orc knight
  7187 | Bailey   | Reached skill level 5 in Short Blades
  7187 | Bailey   | Reached skill level 5 in Long Blades
  7187 | Bailey   | Reached skill level 5 in Axes
  7187 | Bailey   | Reached skill level 5 in Maces & Flails
  7187 | Bailey   | Reached skill level 5 in Staves
  7187 | Bailey   | Reached skill level 5 in Ranged Weapons
  7187 | Bailey   | Reached skill level 5 in Throwing
  7187 | Bailey   | Reached skill level 5 in Stealth
  7187 | Bailey   | Reached skill level 5 in Shields
  7187 | Bailey   | Reached skill level 5 in Unarmed Combat
  7187 | Bailey   | Reached skill level 5 in Spellcasting
  7187 | Bailey   | Reached skill level 5 in Evocations
  7187 | Bailey   | Reached XP level 10. HP: 47/81 MP: 17/17
  7197 | Bailey   | Slain by an orc knight

Illustrated notes

Levels and vault maps discovered:
D:1:      dpeg_arrival_erosion, layout_rooms,
          hellmonk_ecumenical_altar_heavens_door
D:2:      layout_loops_cross, uniq_sigmund, uniq_jessica
D:3:      layout_loops_ring, mainiacjoe_overflow_alcove_1,
          nicolae_overflow_crystal_walls, bloody_trog
D:4:      layout_basic, lemuel_tele_altar, tgw_kikubaaqudgha,
          minmay_pentomino_pile
D:5:      layout_rooms, gammafunk_ghost_grave, uniq_eustachio, uniq_duvessa
D:6:      layout_loops_ring, grunt_temple_overflow_open, temple_doors_cd,
          hangedman_abyss_or_decor_jellyfish_corner, dk_vineyard_2,
          chequers_decorated_corner, minmay_puff
D:7:      layout_cave_pods, enter_bailey_3, corner_web_ring,
          dilly_guarded_unrand_morg
Bailey:   bailey_axe_minmay_hex_keep, bailey

Skill      XL: |  1  2  3  4  5  6  7  8  9 |
---------------+----------------------------+-----
Invocations    | 1 2 3 4 5 |  5.5
Short Blades   | 1 2 3 5 |  5.0
Long Blades    | 1 2 3 5 |  5.0
Axes           | 1 2 3 5 |  5.0
Maces & Flails | 1 2 3 5 |  5.0
Staves         | 1 2 3 5 |  5.0
Ranged Weapons | 1 2 3 5 |  5.0
Throwing       | 1 2 3 5 |  5.0
Stealth        | 1 2 3 5 |  5.0
Shields        | 1 2 3 5 |  5.0
Unarmed Combat | 1 2 3 5 |  5.0
Spellcasting   | 1 2 3 5 |  5.0
Evocations     | 1 2 3 5 |  5.0
Conjurations   | 1 2 3 4 |  4.1
Hexes          | 1 2 3 4 |  4.1
Summonings     | 1 2 3 4 |  4.1
Necromancy     | 1 2 3 4 |  4.1
Translocations | 1 2 3 4 |  4.1
Transmutations | 1 2 3 4 |  4.1
Fire Magic     | 1 2 3 4 |  4.1
Ice Magic      | 1 2 3 4 |  4.1
Air Magic      | 1 2 3 4 |  4.1
Earth Magic    | 1 2 3 4 |  4.1
Poison Magic   | 1 2 3 4 |  4.1
Armour         | 5 6 |  6.8
Dodging        | 5 6 |  6.8
Fighting       | 7 8 |  8.3
Polearms       | 7 8 |  8.3

Action                   |  1- 3 |  4- 6 |  7- 9 | 10-12 || total
-------------------------+-------+-------+-------+-------++-------
Melee: Spear             |   121 |       |       |       ||   121
       Bite              |     5 |    10 |    41 |     3 ||    59
       Punch             |     1 |       |       |       ||     1
       Halberd           |       |   113 |   432 |     9 ||   554
       Unarmed           |       |       |     6 |       ||     6
Throw: Dart              |       |       |     7 |       ||     7
Invok: Berserk           |     2 |     1 |    14 |       ||    17
       Trog's Hand       |       |       |     2 |       ||     2
Evoke: Wand              |       |       |       |     2 ||     2
  Use: Scroll            |       |       |     9 |       ||     9
       Potion            |       |       |     3 |       ||     3
 Stab: Sleeping          |       |     1 |       |       ||     1
Armor: Animal skin       |     8 |       |       |       ||     8
       Ring mail         |    18 |     4 |       |       ||    22
       Chain mail        |       |    37 |   218 |       ||   255
       Skin              |       |       |     2 |       ||     2
Dodge: Dodged            |    52 |    44 |   248 |     4 ||   348

Table legend: (Time is in decaauts)
 A = Elapsed time spent in this place.
 B = Non-inter-level travel time spent in this place.
 C = Inter-level travel time spent in this place.
 D = Time resting spent in this place.
 E = Time spent auto-exploring this place.
 F = Levels seen in this place.
 G = Mean time per level.
                   A        B        C        D        E       F      G
               +--------+--------+--------+--------+--------+-----+--------+
         Total |   7375 |   7143 |    232 |   1794 |   2853 |   8 |  921.9 |
       Dungeon |   6572 |   6340 |    232 |   1320 |   2853 |   7 |  938.9 |
        Bailey |    803 |    803 |      0 |    474 |      0 |   1 |  803.0 |
               +--------+--------+--------+--------+--------+-----+--------+

Top non-repeatable levels by time:
     D:6: 1544 daAuts
     D:4: 1364 daAuts
     D:3: 973 daAuts
     D:2: 908 daAuts
  Bailey: 803 daAuts
     D:5: 765 daAuts
     D:1: 739 daAuts
     D:7: 276 daAuts
